 Dungeon Crawl Stone Soup version 0.22.1-1-ga44c0e5 (webtiles) character file.

1403 MalarOregon the Carver (level 8, 0/62 HPs)
             Began as a Minotaur Gladiator on Sept 23, 2018.
             Was a Believer of Yredelemnul.
             Hit by a stone thrown by an orc warrior (1 damage)
             ... on level 6 of the Dungeon.
             The game lasted 00:10:58 (5861 turns).

MalarOregon the Carver (Minotaur Gladiator)         Turns: 5861, Time: 00:10:58

Health: 0/62       AC: 11    Str: 20    XL:     8   Next: 42%
Magic:  7/7        EV: 10    Int:  7    God:    Yredelemnul [**....]
Gold:   81         SH:  3    Dex: 11    Spells: 7/7 levels left

rFire    . . .     SeeInvis .   a - +1 long sword
rCold    + . .     Gourm    .   b - +0 buckler
rNeg     . . .     Faith    .   D - +2 scale mail {rC+}
rPois    .         Spirit   .   w - +2 hat
rElec    .         Reflect  .   (no cloak)
rCorr    .         Harm     .   (no gloves)
MR       .....                  r - +0 pair of boots
Stlth    ..........             (no amulet)
HPRegen  0.20/turn              (no ring)
MPRegen  0.10/turn              (no ring)

@: no status effects
A: retaliatory headbutt, horns 2
a: Animate Remains, Recall Undead Slaves, Injury Mirror, Renounce Religion


You were on level 6 of the Dungeon.
You worshipped Yredelemnul.
Yredelemnul was pleased with you.
You were not hungry.

You visited 2 branches of the dungeon, and saw 7 of its levels.
You also visited: Sewer.

You collected 302 gold pieces.
You spent 221 gold pieces at shops.

Inventory:

Hand Weapons
 a - a +1 long sword (weapon)
 F - a +0 blowgun
   (You took it off a kobold in a sewer)
Missiles
 d - 3 throwing nets (quivered) {!f}
 h - 59 poisoned needles
 y - 4 tomahawks
 K - 2 javelins
Armour
 b - a +0 buckler (worn)
   (You found it on level 4 of the Dungeon)
 r - a +0 pair of boots (worn)
   (You found it on level 2 of the Dungeon)
 w - a +2 hat (worn)
   (You found it on level 2 of the Dungeon)
 D - a +2 scale mail of cold resistance (worn)
   (You took it off an orc on level 5 of the Dungeon)
Wands
 c - a wand of disintegration (19)
   (You found it on level 4 of the Dungeon)
 u - a wand of paralysis (12)
   (You found it on level 3 of the Dungeon)
 x - a wand of acid (8)
   (You found it on level 5 of the Dungeon)
Scrolls
 f - 3 scrolls of teleportation {@r4}
 g - 3 scrolls of enchant weapon
 i - a scroll of fog
 j - 2 scrolls of remove curse {@r2}
 k - 2 scrolls of identify {@r1}
 p - 2 scrolls of enchant armour
 s - 4 scrolls of magic mapping
 t - 4 scrolls of amnesia
 v - 2 scrolls of noise {!r}
Potions
 m - 9 potions of curing {@q1}
 n - 4 potions of flight
 o - 5 potions of mutation {!q}
 q - 2 potions of brilliance
 B - a potion of magic
 C - a potion of resistance
 E - a potion of ambrosia
 I - 2 potions of heal wounds {@q2}
 J - a potion of might
Comestibles
 e - 5 rations {!d}
 l - 6 chunks of flesh


   Skills:
 - Level 2.4 Fighting
 * Level 12.4 Long Blades
 - Level 2.0 Throwing
 - Level 3.2 Dodging
 + Level 1.4 Shields


You had 7 spell levels left.
You didn't know any spells.
Your spell library was empty.

Dungeon Overview and Level Annotations

Branches:
Dungeon (6/15)             Temple (1/1) D:4

Altars:
Dithmenos
Elyvilon
Fedhas
Gozag
Hepliaklqana
Kikubaaqudgha
Makhleb
Nemelex Xobeh
Okawaru
Qazlal
Ru
Sif Muna
Trog
Uskayaw
Vehumet
Xom
Yredelemnul
Zin
The Shining One

Shops:
D:4 !


Innate Abilities, Weirdness & Mutations

You reflexively headbutt those who attack you in melee.
You have a pair of horns on your head.


Message History

Your Shields skill increases to level 1!
You slash something! Something hits you.
* * * LOW HITPOINT WARNING * * *
You slash something! Yredelemnul accepts your kill.
Reactivating autopickup.
You feel a bit more experienced.
You slash the bullfrog skeleton! You headbutt the bullfrog skeleton!
The bullfrog skeleton completely misses you.
You slash the bullfrog skeleton! The bullfrog skeleton hits you.
* * * LOW HITPOINT WARNING * * *
You slash the bullfrog skeleton!
You destroy the bullfrog skeleton!
Yredelemnul accepts your kill.
m - 9 potions of curing {@q1} (gained 1)
o - 5 potions of mutation {!q} (gained 1)
Items here: ))) [[[ ††† You butcher the orc corpse.
l - 3 chunks of flesh
Items here: ))) [[[ †† You butcher the orc corpse of Blork the orc.
l - 5 chunks of flesh (gained 2)
Items here: ))) [[[ † You butcher the orc corpse.
l - 6 chunks of flesh (gained 1)
Items here: ))) [[[ A shadow imp comes into view.
There isn't anything to butcher here.
There isn't anything to butcher here.
You hit the shadow imp. You headbutt the shadow imp.
You kill the shadow imp!
Yredelemnul accepts your kill.
You start resting.
You feel a little less agile now.
You start resting.
The orc warrior is too close now for your liking.
The orc warrior shouts!
The orc warrior throws a stone.
You block the stone.
The orc warrior throws a stone.
You block the stone.
The orc warrior throws a stone.
The stone hits you!
* * * LOW HITPOINT WARNING * * *
The orc warrior throws a stone.
The stone hits you but does no damage.
The orc warrior throws a stone.
The stone closely misses you.
The orc warrior throws a stone.
The stone closely misses you.
The orc warrior throws a stone.
The stone hits you!
* * * LOW HITPOINT WARNING * * *
The orc warrior throws a stone.
The stone hits you.
You die...
Your body rises from the dead as a mindless zombie.

........##.. .....
.......... ....
....#### ..o.
..#...# ..# #
####...# ..#
#.#....#.### #.#
#...##.#.... #.#
#.^###.##### #@#
#.. #.# #)# ...#
#.# #(##.### ...
#....# ... #.####
.## ##))..#####$..
.#####............#
...........#.......
..#####......###.##


You could see an orc warrior.

Vanquished Creatures
  A sky beast (D:5)
  An orc warrior (D:6)
  An ice beast (D:6)
  A centaur (D:6)
  Blork the orc (D:6)
  A big kobold (Sewer)
  A scorpion (D:4)
  3 wights (D:6)
  A crimson imp (D:6)
  7 orc wizards
  A hound (D:3)
  A jelly (D:6)
  3 bullfrog skeletons
  3 worker ants
  A hound zombie (D:5)
  4 gnolls (D:2)
  10 adders
  A river rat (Sewer)
  A shadow imp (D:6)
  3 oozes
  4 worms
  A dart slug (D:1)
  5 leopard geckos
  10 orcs
  5 bats
  13 giant cockroaches
  4 goblins
  8 hobgoblins
  4 jackals
  A quokka (D:3)
  6 ball pythons
  9 frilled lizards
  A giant cockroach zombie (D:6)
  21 kobolds
  34 rats
172 creatures vanquished.

Notes
Turn   | Place    | Note
-------+----------+-------------------------------------------
     0 | D:1      | MalarOregon the Minotaur Gladiator began the quest for the
                  | Orb.
     0 | D:1      | Reached XP level 1. HP: 18/18 MP: 0/0
    80 | D:1      | Reached skill level 4 in Long Blades
   109 | D:1      | Reached XP level 2. HP: 23/25 MP: 1/1
   391 | D:1      | Reached skill level 5 in Long Blades
   736 | D:2      | Reached XP level 3. HP: 29/30 MP: 2/2
  1023 | D:2      | Found a faded altar of an unknown god.
  1345 | D:2      | Reached skill level 6 in Long Blades
  1345 | D:2      | Reached XP level 4. HP: 12/37 MP: 3/3
  1744 | D:3      | Reached XP level 5. HP: 40/42 MP: 4/4
  1753 | D:3      | Reached skill level 7 in Long Blades
  1886 | D:3      | Found a shimmering altar of Xom.
  2638 | D:4      | Reached skill level 8 in Long Blades
  2683 | D:4      | Reached XP level 6. HP: 22/50 MP: 5/5
  2976 | D:4      | Found a staircase to the Ecumenical Temple.
  3025 | D:4      | Found Geonkata's Distillery.
  3080 | Temple   | Entered the Ecumenical Temple
  3147 | Temple   | Became a worshipper of Yredelemnul the Dark
  3257 | D:4      | Found a glowing golden altar of the Shining One.
  3257 | D:4      | Found a stormy altar of Qazlal.
  3330 | D:4      | Bought a potion of resistance for 130 gold pieces
  3330 | D:4      | Bought a potion of curing for 39 gold pieces
  3330 | D:4      | Bought a potion of might for 52 gold pieces
  3698 | D:5      | Entered Level 5 of the Dungeon
  3787 | D:5      | Found an iron altar of Okawaru.
  3806 | D:5      | Reached skill level 9 in Long Blades
  3950 | D:5      | Found a glowing drain.
  4057 | Sewer    | Entered a sewer
  4179 | Sewer    | Reached XP level 7. HP: 37/56 MP: 6/6
  4218 | Sewer    | Reached * piety under Yredelemnul
  4399 | Sewer    | Reached ** piety under Yredelemnul
  4399 | Sewer    | Reached skill level 10 in Long Blades
  5006 | D:5      | Found a deep blue altar of Sif Muna.
  5465 | D:6      | Reached skill level 11 in Long Blades
  5466 | D:6      | Noticed Blork the orc
  5772 | D:6      | Reached XP level 8. HP: 50/62 MP: 7/7
  5808 | D:6      | Reached skill level 12 in Long Blades
  5813 | D:6      | Killed Blork the orc
  5813 | D:6      | Reached skill level 1 in Shields
  5860 | D:6      | HP: 1/62 [orc warrior/stone (7)]
  5861 | D:6      | Hit by a stone thrown by an orc warrior

Skill      XL: |  1  2  3  4  5  6  7  8 |
---------------+-------------------------+-----
Long Blades    | 4 5 6 8 9 11 12 | 12.4
Shields        | 1 |  1.4
Fighting       | |  2.4
Throwing       | |  2.0
Dodging        | |  3.2

Action                   |  1- 3 |  4- 6 |  7- 9 || total
-------------------------+-------+-------+-------++-------
Melee: Long sword        |    76 |   172 |   166 ||   414
       Headbutt          |    12 |    26 |    34 ||    72
  Use: Scroll            |       |    10 |    11 ||    21
       Potion            |       |     2 |     1 ||     3
  Eat: Chunk             |     1 |     6 |     2 ||     9
       Ration            |       |     1 |     1 ||     2
Armor: Leather armour    |    18 |    15 |       ||    33
       Scale mail        |       |    42 |    68 ||   110
Dodge: Dodged            |    44 |   116 |    85 ||   245
Block: Buckler           |       |     7 |    17 ||    24
       Rpst.: Long sword |     6 |    29 |    21 ||    56
